 Dungeon Crawl Stone Soup version 0.31-a0-977-gc230f8ef24 (webtiles) character file.

Game seed: 288836877162426216

909 Gladio the Cutter (level 8, -1/42 HPs)
             Began as a Vine Stalker Gladiator on Oct 29, 2023.
             Was a Follower of Uskayaw.
             Slain by a gnoll
             ... wielding a +0 spear
             ... led by a gnoll bouda
              (6 damage)
             ... on level 4 of the Dungeon.
             The game lasted 00:05:40 (3078 turns).

Gladio the Cutter (Vine Stalker Gladiator)          Turns: 3078, Time: 00:05:42

Health: -1/42      AC:  8    Str: 16    XL:     8   Next: 8%
Magic:  0/10       EV: 13    Int:  8    God:    Uskayaw [*.....]
Gold:   288        SH:  5    Dex: 19    Spells: 7/7 levels left

rFire   . . .        a - +0 rapier
rCold   . . .        (no shield)
rNeg    . . .        x - +0 ring mail
rPois   .            c - +0 helmet
rElec   .            (no cloak)
rCorr   .            s - +0 pair of gloves
SInv    .            t - +0 pair of boots
Will    +++..        q - amulet "Isoimis" {Reflect Drain +Blink Will++ SH+5}
Stlth   +            (no ring)
HPRegen 1.07/turn    (no ring)
MPRegen 0.12/turn

%: reflection, guardian spirit
@: no status effects
A: fangs 3, regeneration 1, magic shield, antimagic bite, no potion heal 2
a: Renounce Religion, Evoke Blink, Stomp


You were on level 4 of the Dungeon.
You worshipped Uskayaw.
Uskayaw was noncommittal.
You visited 1 branch of the dungeon, and saw 4 of its levels.

You collected 288 gold pieces.

Inventory:

Hand Weapons
 a - a +0 rapier (weapon)
Missiles
 d - 3 throwing nets (quivered)
 e - a javelin
 m - 21 poisoned darts
 z - 6 boomerangs
Armour
 b - a +0 leather armour
 c - a +0 helmet (worn)
 s - a +0 pair of gloves (worn)
 t - a +0 pair of boots (worn)
 x - a +0 ring mail (worn)
Jewellery
 q - the amulet "Isoimis" (around neck) {Reflect Drain +Blink Will++ SH+5}
   (You found it on level 2 of the Dungeon)

   [amulet of reflection]

   Reflect:   It reflects blocked missile attacks.
   Will++:    It greatly increases your willpower.
   +Blink:    It lets you blink.
   Drain:     It drains your maximum health when unequipped.
   SH+5:      It affects your SH (+5).
Wands
 y - a wand of paralysis (2)
Scrolls
 f - 6 scrolls of identify {unknown}
 h - a scroll of blinking {unknown}
 j - 2 scrolls of teleportation {unknown}
 k - 3 scrolls of poison {unknown}
 n - a scroll of enchant weapon {unknown}
 r - 2 scrolls of noise {unknown}
 v - 2 scrolls of enchant armour {unknown}
 w - a scroll of torment {unknown}
Potions
 g - 2 potions of heal wounds {unknown}
 i - a potion of degeneration {unknown}
 l - a potion of ambrosia {unknown}
 o - a potion of mutation {unknown}
 p - 2 potions of curing {unknown}
 u - a potion of enlightenment {unknown}
 A - 2 potions of cancellation {unknown}
 B - a potion of brilliance {unknown}


   Skills:
 + Level 4.2 Fighting
 * Level 6.3 Short Blades
 - Level 1.7 Throwing
 + Level 4.3 Dodging
 + Level 1.4 Invocations


You had 7 spell levels left.
You didn't know any spells.
Your spell library contained the following spells:

 Spells                   Type           Power      Damage    Failure   Level
 Sting                    Tmut/Pois      0%         1d3       63%         1
 Lesser Beckoning         Tloc           0%         N/A       77%         2
 Poisonous Vapours        Pois/Air       0%         N/A       77%         2
 Gell's Gravitas          Tloc           0%         N/A       94%         3
 Teleport Other           Tloc           0%         N/A       94%         3
 Olgreb's Toxic Radiance  Pois           0%         N/A       100%        4
 Passage of Golubria      Tloc           0%         N/A       100%        4
 Silence                  Hex/Air        0%         N/A       100%        5
 Lehudib's Crystal Spear  Conj/Erth      0%         10d2      100%        8


Dungeon Overview and Level Annotations

Branches:
Dungeon (4/15)
 Temple: D:4-7

Altars:
Ashenzari
Nemelex Xobeh
Uskayaw
Wu Jian
Yredelemnul

Shops:
D:1 (   D:3 (


Innate Abilities, Weirdness & Mutations

You have razor-sharp teeth.
Your natural rate of healing is unusually fast.
When hurt, damage is shared between your health and your magic reserves.
Your bite disrupts and absorbs the magic of your enemies.
Potions cannot restore your health.


Message History

The gnoll is severely wounded.
The gnoll is no longer moving quickly.
The gnoll barely misses you.
You hit the gnoll.
The gnoll is almost dead.
You block the gnoll's attack.
You hit the gnoll but do no damage.
The gnoll is almost dead.
The gnoll hits you with a +0 whip.
Unknown command.
You closely miss the gnoll. You bite the gnoll.
You kill the gnoll!
Unknown command.
You closely miss the gnoll bouda. The gnoll hits you but does no damage.
You block the gnoll bouda's attack.
You closely miss the gnoll bouda. The gnoll barely misses you.
The gnoll bouda hits you with a +0 whip.
You closely miss the gnoll bouda. Your bite misses the gnoll bouda.
Your attacks no longer feel as feeble.
You block the gnoll's attack. The gnoll bouda closely misses you.
Aiming: Line Pass
Press: ? - help, Dir - move target The gnoll bouda appears confused.
The gnoll appears confused. x2
You can no longer pass through a line of other dancers.
The gnoll hits you from afar with a +0 halberd!
* * * LOW HITPOINT WARNING * * *
The gnoll barely misses the gnoll bouda.
Okay, then.
Okay, then.
You hit the gnoll.
The gnoll is moderately wounded.
The gnoll hits you from afar with a +0 halberd.
* * * LOW HITPOINT WARNING * * *
The gnoll bouda hits the gnoll with a +0 whip.
The gnoll bouda barely misses itself.
The gnoll hits the gnoll bouda but does no damage.
You puncture the gnoll!
You kill the gnoll!
The gnoll bouda seems less confused.
The gnoll seems less confused.
The gnoll misses you. The gnoll hits you with a +0 spear.
You die...

#.# ... #.# ...
...# #.# ....
...#
#.####.........
#)#.......
#)#...(..
#g#g..##
#)g....#
#@.....#
#..(...#
#......#
#......#
#....".#
#......# .
#......# ..#
#.!....# .
#..(...# . .


You could see a gnoll bouda and 2 gnolls.

Vanquished Creatures
  An ogre (D:4)
  A black bear (D:4)
  2 kobold brigands (D:4)
  Blork the orc (D:4)
  A scorpion (D:4)
  A hound (D:4)
  Natasha (thrice) (D:2)
  An orc wizard (D:3)
  17 gnolls
  8 adders
  2 worms
  2 dart slugs
  4 orcs
  5 ball pythons
  5 bats
  6 endoplasms
  3 giant cockroaches (D:3)
  8 goblins
  11 hobgoblins
  38 kobolds
  2 quokkas (D:4)
  A frilled lizard (D:1)
  3 rats
126 creatures vanquished.

Notes
Turn   | Place    | Note
-------+----------+-------------------------------------------
     0 | D:1      | Gladio the Vine Stalker Gladiator began the quest for the
                  | Orb.
     0 | D:1      | Reached XP level 1. HP: 11/11 MP: 2/2
   141 | D:1      | Reached XP level 2. HP: 15/15 MP: 3/3
   144 | D:1      | Reached skill level 3 in Short Blades
   345 | D:1      | Found Iriplatel's Weapon Shop.
   526 | D:2      | Reached XP level 3. HP: 18/18 MP: 4/4
   636 | D:2      | Noticed Natasha
   651 | D:2      | Killed Natasha
   652 | D:2      | Reached XP level 4. HP: 12/23 MP: 3/5
   750 | D:2      | Identified the amulet "Isoimis" {Reflect Drain +Blink
                  | Will++ SH+5}
   923 | D:2      | Noticed Natasha
   933 | D:2      | Killed Natasha
   934 | D:2      | Reached skill level 4 in Short Blades
   948 | D:2      | Noticed Natasha
   956 | D:2      | Killed Natasha
   957 | D:2      | Reached XP level 5. HP: 25/27 MP: 6/6
  1547 | D:3      | Found Nidwitoa's Weapon Boutique.
  2158 | D:3      | Found a sparkling altar of Nemelex Xobeh.
  2158 | D:3      | Found an ornate altar of the Wu Jian Council.
  2166 | D:3      | Found a basalt altar of Yredelemnul.
  2169 | D:3      | Found a broken altar of Ashenzari.
  2175 | D:3      | Reached XP level 6. HP: 32/32 MP: 7/7
  2179 | D:3      | Found a faded altar of an unknown god.
  2187 | D:3      | Prayed at the altar of an unknown god.
  2187 | D:3      | Became a worshipper of Uskayaw the Reveller
  2187 | D:3      | Reached * piety under Uskayaw
  2432 | D:4      | Noticed Blork the orc
  2468 | D:4      | Reached ** piety under Uskayaw
  2487 | D:4      | Reached skill level 5 in Short Blades
  2539 | D:4      | Killed Blork the orc
  2540 | D:4      | Reached XP level 7. HP: 37/37 MP: 8/8
  2594 | D:4      | Reached *** piety under Uskayaw
  2596 | D:4      | Reached **** piety under Uskayaw
  2715 | D:4      | Reached skill level 6 in Short Blades
  2902 | D:4      | Reached skill level 1 in Invocations
  2916 | D:4      | Gained mutation: You have razor-sharp teeth. [Vine Stalker
                  | growth]
  2916 | D:4      | Reached XP level 8. HP: 42/42 MP: 7/9
  3078 | D:4      | Slain by a gnoll

Illustrated notes

Levels and vault maps discovered:
D:1:      eino_arrival_water_star, layout_rooms, serial_shops,
          nicolae_shop_bloodbath_and_beyond
D:2:      layout_basic, uniq_natasha
D:3:      layout_basic, chequers_temple_overflow_minitemple, serial_shops, shop,
          grunt_decor_mini_mirrors
D:4:      minmay_goblin_kobold_castle, layout_basic, nicolae_letterblocks
          [nicolae_letter_subblock, nicolae_letter_subblock,
          nicolae_letter_subblock, nicolae_letter_subblock,
          nicolae_letter_subblock, nicolae_letter_subblock,
          nicolae_letter_subblock, nicolae_letter_subblock,
          nicolae_letter_subblock, nicolae_letter_subblock,
          nicolae_letter_subblock, nicolae_letter_subblock,
          nicolae_letter_subblock, nicolae_letter_subblock,
          nicolae_letter_subblock, nicolae_letter_subblock,
          nicolae_letter_subblock, nicolae_letter_subblock,
          nicolae_letter_subblock, nicolae_letter_subblock,
          nicolae_letter_subblock, nicolae_letter_subblock,
          nicolae_letter_subblock, nicolae_letter_subblock,
          nicolae_letter_subblock], uniq_blork_the_orc

Skill      XL: |  1  2  3  4  5  6  7 |
---------------+----------------------+-----
Fighting       | 2 3 4 |  4.2
Short Blades   | 3 4 5 6 |  6.3
Dodging        | 3 4 |  4.3
Invocations    | 1 |  1.4
Throwing       | |  1.7

Action                     |  1- 3 |  4- 6 |  7- 9 || total
---------------------------+-------+-------+-------++-------
  Melee: Rapier            |    70 |   148 |   175 ||   393
         Bite              |    15 |    40 |    49 ||   104
         Punch             |     1 |     4 |     1 ||     6
 Invoke: Line Pass         |       |       |     2 ||     2
         Stomp             |       |       |     1 ||     1
  Evoke: Wand              |       |     1 |       ||     1
   Stab: Sleeping          |     1 |     2 |       ||     3
         Paralysed         |       |     2 |    10 ||    12
 Armour: Leather armour    |    33 |    47 |       ||    80
         Ring mail         |       |     7 |    88 ||    95
  Dodge: Dodged            |    38 |    72 |    99 ||   209
  Block: Other             |       |    27 |    34 ||    61

Table legend: (Time is in decaauts)
 A = Elapsed time spent in this place.
 B = Non-inter-level travel time spent in this place.
 C = Inter-level travel time spent in this place.
 D = Time resting spent in this place.
 E = Time spent auto-exploring this place.
 F = Levels seen in this place.
 G = Mean time per level.
                   A        B        C        D        E       F      G
               +--------+--------+--------+--------+--------+-----+--------+
         Total |   3063 |   2917 |    146 |      0 |   2165 |   4 |  765.8 |
       Dungeon |   3063 |   2917 |    146 |      0 |   2165 |   4 |  765.8 |
               +--------+--------+--------+--------+--------+-----+--------+

Top non-repeatable levels by time:
     D:2: 910 daAuts
     D:3: 897 daAuts
     D:4: 757 daAuts
     D:1: 497 daAuts
